 Dungeon Crawl Stone Soup version 0.29-a0-72-g1732ff48e7 (webtiles) character file.

Game seed: 13080704905475281937

67 lunkers the Gusty (level 4, -5/24 HPs)
             Began as a Tengu Air Elementalist on Feb 3, 2022.
             Killed from afar by Sigmund (7 damage)
             ... with a magic dart
             ... on level 2 of the Dungeon.
             The game lasted 00:01:58 (1364 turns).

lunkers the Gusty (Tengu Air Elementalist)          Turns: 1364, Time: 00:01:59

Health: -5/24      AC:  3    Str:  8    XL:     4   Next: 18%
Magic:  2/9        EV: 12    Int: 18    God:
Gold:   41         SH:  0    Dex: 14    Spells: 5/8 levels left

rFire   . . .      SeeInvis .   (no weapon)
rCold   . . .      Faith    .   (no shield)
rNeg    . . .      Spirit   .   a - +0 robe
rPois   .          Reflect  .   (helmet restricted)
rElec   .          Harm     .   (no cloak)
rCorr   .          Rampage  .   h - +0 pair of gloves
Will    .....                   (boots unavailable)
Stlth   ++........              (no amulet)
HPRegen 0.08/turn               b - ring of wizardry
MPRegen 0.11/turn               (no ring)

@: no status effects
A: beak, talons 3
a: no special abilities


You were on level 2 of the Dungeon.
You visited 1 branch of the dungeon, and saw 2 of its levels.

You collected 41 gold pieces.

Inventory:

Armour
 a - a +0 robe (worn)
 h - a +0 pair of gloves (worn)
Jewellery
 b - a ring of wizardry (left hand)
 g - a +4 ring of slaying
Scrolls
 i - a scroll of amnesia {unknown}
Potions
 c - a potion of flight {unknown}
 d - a potion of curing {unknown}
 e - a potion of heal wounds {unknown}
 f - a potion of resistance
 j - a potion of brilliance {unknown}


   Skills:
 - Level 2.1 Dodging
 - Level 2.0 Stealth
 + Level 2.7 Spellcasting
 - Level 1.3 Conjurations
 * Level 5.8 Air Magic


You had 5 spell levels left.
You knew the following spells:

 Your Spells              Type           Power      Damage    Failure   Level
a - Shock                 Conj/Air       60%        1d6       1%          1
b - Static Discharge      Conj/Air       15%        N/A       2%          2

Your spell library contained the following spells:

 Spells                   Type           Power      Damage    Failure   Level
 Swiftness                Air            23%        N/A       1%          3
 Airstrike                Air            11%        N/A       6%          4


Dungeon Overview and Level Annotations

Branches:
Dungeon (2/15)

Altars:

Annotations:
D:2 Sigmund


Innate Abilities, Weirdness & Mutations

You have a beak for a mouth.
You have claws for feet.


Message History

Confirm with . or Enter, or press ? or * to list all spells.
The zap hits Sigmund.
Sigmund resists.
Sigmund is lightly wounded.
Sigmund barely misses you.
Unknown command.
Sigmund hits you with a +0 scythe.
Casting: Shock (safe; 1% risk of failure)
Confirm with . or Enter, or press ? or * to list all spells.
The air crackles with electrical energy.
A gnoll comes into view.
It is wielding a +0 spear and quivering atropa-tipped darts.
Unknown command.
Unknown command.
Casting: Static Discharge (safe; 2% risk of failure)
Confirm with . or Enter, or press ? or * to list all spells.
Some blue arcs ground themselves harmlessly.
The gnoll shouts!
* * * LOW MAGIC WARNING * * *
You hear a shout!
Sigmund closely misses you.
The gnoll throws an atropa-tipped dart.
The atropa-tipped dart misses you.
Unknown command.
Unknown command.
You aren't carrying any items that you can evoke.
Unknown command.
The gnoll throws an atropa-tipped dart.
The atropa-tipped dart closely misses you.
Sigmund hits you from afar with a +0 scythe!
* * * LOW HITPOINT WARNING * * *
You see here 2 poisoned darts.
Sigmund points at you and mumbles some strange words.
You resist with some effort. Sigmund casts a spell at you.
The magic dart hits you!
* * * LOW HITPOINT WARNING * * *
Sigmund gestures wildly while chanting.
Sigmund flickers and vanishes!
Deactivating autopickup; reactivate with Ctrl-A.
A magic dart appears from out of thin air!
The magic dart hits you!
You die...

##### #...# #...#
#...# +.>.+
#...##################
#######
#....(.g{.....@.....#
......
#.###############'###
###..... ......#
##8.8###.#.#.##
#.#.#.#
##.....##....†.#
#.#.#.#
##8.....8#####.<# #
#.. .
##.........##....# #..
#. #8.........8#.##.#
g.. .#
+...(.).†...).##.#
#... #
#8......[..8####.#


You could see a gnoll.

Vanquished Creatures
  Terence (D:2)
  A dart slug (D:1)
  5 ball pythons (D:1)
  5 endoplasms (D:1)
  3 giant cockroaches (D:1)
  4 hobgoblins
  3 jackals (D:1)
  4 bats (D:1)
  A frilled lizard (D:2)
  4 goblins
  3 kobolds (D:1)
  A rat (D:1)
35 creatures vanquished.

Notes
Turn   | Place    | Note
-------+----------+-------------------------------------------
     0 | D:1      | lunkers the Tengu Air Elementalist began the quest for the
                  | Orb.
     0 | D:1      | Reached XP level 1. HP: 10/10 MP: 4/4
   254 | D:1      | Reached XP level 2. HP: 15/15 MP: 4/6
   437 | D:1      | Learned a level 2 spell: Static Discharge
   539 | D:1      | Found a faded altar of an unknown god.
   684 | D:1      | Reached skill level 5 in Air Magic
   731 | D:1      | Reached XP level 3. HP: 14/19 MP: 3/7
  1226 | D:2      | Noticed Terence
  1234 | D:2      | Killed Terence
  1235 | D:2      | Reached XP level 4. HP: 24/24 MP: 0/9
  1343 | D:2      | Noticed Sigmund
  1357 | D:2      | HP: 1/24 [Sigmund/magic dart (7)]
  1364 | D:2      | Killed from afar by Sigmund

Illustrated notes

Levels and vault maps discovered:
D:1:      dpeg_arrival_erosion, layout_basic, ebering_ecumenical_altar_box
D:2:      layout_basic, supply_closet_lemuel, dk_noncrumbling_4, uniq_sigmund,
          uniq_terence

Skill      XL: |  1  2 |
---------------+-------+-----
Air Magic      | 5 |  5.8
Dodging        | |  2.1
Stealth        | |  2.0
Spellcasting   | |  2.7
Conjurations   | |  1.3

Action                   |  1- 3 |  4- 6 || total
-------------------------+-------+-------++-------
Melee: Unarmed           |     9 |       ||     9
       Kick              |     3 |       ||     3
 Cast: Shock             |    52 |     6 ||    58
       Static Discharge  |     3 |     2 ||     5
Armor: Robe              |     7 |       ||     7
Dodge: Dodged            |    38 |     4 ||    42

Table legend: (Time is in decaauts)
 A = Elapsed time spent in this place.
 B = Non-inter-level travel time spent in this place.
 C = Inter-level travel time spent in this place.
 D = Time resting spent in this place.
 E = Time spent auto-exploring this place.
 F = Levels seen in this place.
 G = Mean time per level.
                   A        B        C        D        E       F      G
               +--------+--------+--------+--------+--------+-----+--------+
         Total |   1363 |   1350 |     13 |     49 |   1091 |   2 |  681.5 |
       Dungeon |   1363 |   1350 |     13 |     49 |   1091 |   2 |  681.5 |
               +--------+--------+--------+--------+--------+-----+--------+

Top non-repeatable levels by time:
     D:1: 1177 daAuts
     D:2: 185 daAuts
